 Dungeon Crawl Stone Soup version 0.19.5 (webtiles) character file.

2219 RaHiT the Magician (level 9, -2/57 HPs)
             Began as a Mummy Conjurer on Apr 12, 2017.
             Was an Initiate of Vehumet.
             Slain by a troll (11 damage)
             ... on level 10 of the Dungeon.
             The game lasted 00:28:34 (8343 turns).

RaHiT the Magician (Mummy Conjurer)                 Turns: 8343, Time: 00:28:34

Health: -2/57      AC:  5    Str: 11    XL:     9   Next: 13%
Magic:  12/20      EV: 12    Int: 18    God:    Vehumet [......]
Gold:   327        SH:  0    Dex: 12    Spells: 4 memorised, 11 levels left

rFire  x . .     SeeInvis .     u - +3 flail (freeze) (curse)
rCold  + . .     Gourm    .     s - +0 robe (curse)
rNeg   + + +     Faith    .     (no shield)
rPois  ∞         Spirit   .     g - +0 helmet
rElec  .         Reflect  .     p - +0 cloak
rCorr  +         Harm     .     (no gloves)
MR     +....                    k - +0 pair of boots (curse)
Stlth  ++........               (no amulet)
                                (no ring)
                                m - ring of resist corrosion

@: no status effects
A: no food or potions, fire vulnerability, cold resistance 1, negative energy
resistance 3, torment resistance, unbreathing
a: Renounce Religion


You were on level 10 of the Dungeon.
You worshipped Vehumet.
Vehumet was noncommittal.
You were not hungry.

You visited 2 branches of the dungeon, and saw 9 of its levels.

You collected 327 gold pieces.

Inventory:

Hand Weapons
 j - a +0 hand axe of venom
 u - a cursed +3 flail of freezing (weapon)
 v - a +2 whip of draining
Missiles
 d - 114 stones (quivered)
 n - 74 sling bullets
Armour
 a - a +0 robe
 g - a +0 helmet (worn)
 k - a cursed +0 pair of boots (worn)
 l - a cursed +0 plate armour
 p - a +0 cloak (worn)
 q - the +0 helmet "Cuoceong" {rElec rF+ MP-9}
   (You acquired it on level 6 of the Dungeon)

   It protects you from fire.
   It insulates you from electricity.
   It affects your magic capacity (-9).
 s - a cursed +0 robe (worn)
Jewellery
 m - a ring of resist corrosion (left hand)
Wands
 h - a wand of disintegration (10/24)
 r - a wand of paralysis (13/24)
 t - a wand of iceblast (9/15)
 w - a wand of confusion (23/48)
Scrolls
 c - 5 scrolls of identify
 e - a scroll of blinking
 f - a scroll of amnesia
 i - a scroll of fear
 o - 2 scrolls of enchant weapon
 x - a scroll of teleportation {unknown}
Books
 b - a book of Conjurations

   Spells                             Type                      Level
   a - Magic Dart                     Conjuration                  1
   b - Searing Ray                    Conjuration                  2
   c - Dazzling Spray                 Conjuration/Hexes            3
   d - Fulminant Prism                Conjuration/Hexes            4
   e - Iskenderun's Mystic Blast      Conjuration                  4
   f - Iskenderun's Battlesphere      Conjuration/Charms           5


   Skills:
 - Level 1.5 Dodging
 - Level 1.5 Stealth
 + Level 7.6 Spellcasting
 - Level 5.3 Conjurations
 - Level 6.2 Evocations


You had 11 spell levels left.
You knew the following spells:

 Your Spells              Type           Power        Failure   Level  Hunger
a - Magic Dart            Conj           ####         1%          1    N/A
b - Iskenderun's Mystic   Conj           ####....     14%         4    N/A
c - Iskenderun's Battles  Conj/Chrm      ###.....     87%         5    N/A
q - Searing Ray           Conj           ####..       1%          2    N/A

Dungeon Overview and Level Annotations

Branches:
Dungeon (7/15)             Temple (1/1) D:6

Altars:
Cheibriados
Dithmenos
Elyvilon
Fedhas
Gozag
Hepliaklqana
Kikubaaqudgha
Makhleb
Nemelex Xobeh
Okawaru
Qazlal
Ru
Trog
Vehumet
Xom
Yredelemnul
Zin
The Shining One


Innate Abilities, Weirdness & Mutations

You do not eat or drink.
Your flesh is vulnerable to fire.
You are immune to poison.
Your flesh is cold resistant. (rC+)
You are immune to negative energy. (rN+++)
You are immune to unholy pain and torment.
You can survive without breathing.


Message History

Confirm with . or Enter, or press ? or * to list all spells.
Aiming: Searing Ray
Press: ? - help, Shift-Dir - straight line, f/p - centaur zombie
Aim: a centaur zombie (severely damaged)
The searing ray hits the centaur zombie.
The centaur zombie is almost destroyed. (Press . to maintain the ray.)
The centaur zombie barely misses you.
The searing ray hits the centaur zombie.
You destroy the centaur zombie!
Vehumet accepts your kill.
The searing ray hits the troll.
The troll is moderately wounded.
The troll bites you! The troll claws you. The troll claws you!
* * * LOW HITPOINT WARNING * * *
The searing ray hits the troll.
The troll is heavily wounded.
You finish channeling your searing ray.
The troll closely misses you. The troll misses you. The troll claws you!
You die...

.>#...$.....# .+
...........# .#
#.........# .. #.........#
.# #.........##..#
#............#
#.........####
###.######## #.....T@.#
### #########.## ..###
#..........# ..'.#
#......(...# ### ..#.#
#..........# #.+
..#.#####..........#####.#
..#.%.)##..........##....#
..####.)).............####
..# ####..........####


You could see a troll.

Vanquished Creatures
  2 ice beasts
  An orc warrior (D:10)
  A phantom (Temple)
  A sky beast (D:5)
  2 ogres
  3 centaurs
  A hornet zombie (D:6)
  Blork the orc (D:5)
  5 wights
  2 howler monkeys
  A crimson imp (D:5)
  2 bullfrog zombies (D:6)
  A centaur zombie (D:10)
  2 centaur skeletons
  A jelly (D:6)
  2 orc priests (D:4)
  A bullfrog skeleton (D:4)
  Ijyb (D:2)
  Terence (D:2)
  4 iguanas
  5 orc wizards (D:5)
  4 worker ants
  A hound skeleton (D:4)
  A howler monkey zombie (D:5)
  A worker ant zombie (D:5)
  6 adders
  A shadow imp (D:6)
  2 oozes
  6 worms
  3 dart slugs
  5 leopard geckos
  14 orcs
  5 giant cockroaches
  5 goblins
  7 hobgoblins
  7 jackals
  4 quokkas
  A ball python (D:1)
  3 bats
  7 frilled lizards
  A jackal skeleton (D:5)
  A jackal zombie (D:5)
  9 kobolds
  A leopard gecko skeleton (D:4)
  5 rats
140 creatures vanquished.

Notes
Turn   | Place    | Note
-------+----------+-------------------------------------------
     0 | D:1      | RaHiT the Mummy Conjurer began the quest for the Orb.
     0 | D:1      | Reached XP level 1. HP: 13/13 MP: 3/3
   384 | D:1      | Reached XP level 2. HP: 19/19 MP: 5/5
   388 | D:1      | Learned a level 2 spell: Searing Ray
   975 | D:1      | Reached skill level 3 in Spellcasting
  1065 | D:2      | Noticed Terence
  1219 | D:2      | Reached XP level 3. HP: 23/24 MP: 2/7
  1382 | D:2      | Noticed Ijyb
  1404 | D:2      | Killed Ijyb
  1669 | D:2      | Reached skill level 4 in Spellcasting
  1728 | D:2      | Reached XP level 4. HP: 30/30 MP: 7/10
  1736 | D:2      | Learned a level 4 spell: Iskenderun's Mystic Blast
  2231 | D:2      | Killed Terence
  2700 | D:3      | Found a stormy altar of Qazlal.
  3482 | D:4      | Reached skill level 5 in Spellcasting
  3482 | D:4      | Reached XP level 5. HP: 20/35 MP: 6/12
  3702 | D:4      | Found a white marble altar of Elyvilon.
  3952 | D:4      | Reached XP level 6. HP: 35/41 MP: 8/13
  3960 | D:4      | Learned a level 5 spell: Iskenderun's Battlesphere
  4361 | D:5      | Entered Level 5 of the Dungeon
  4408 | D:5      | Reached skill level 5 in Conjurations
  4657 | D:5      | Noticed Blork the orc
  4663 | D:5      | Killed Blork the orc
  4663 | D:5      | Reached skill level 1 in Evocations
  4663 | D:5      | Reached XP level 7. HP: 46/46 MP: 1/14
  5645 | D:6      | Reached XP level 8. HP: 52/52 MP: 8/15
  5767 | D:6      | Reached skill level 5 in Evocations
  5931 | D:6      | HP: 2/52 [wight/enchanted dire flail (17)]
  6280 | D:6      | Found a staircase to the Ecumenical Temple.
  6289 | Temple   | Entered the Ecumenical Temple
  6539 | Temple   | Became a worshipper of Vehumet
  6986 | D:6      | Found a glowing silver altar of Zin.
  6989 | D:6      | Noticed an angel
  6991 | D:6      | Found a shimmering altar of Xom.
  7160 | D:6      | Reached skill level 6 in Spellcasting
  7674 | D:6      | Identified a scroll of acquirement
  7683 | D:6      | Got a polished helmet
  7694 | D:6      | Identified the +0 helmet "Cuoceong" {rElec rF+ MP-9} (You acquired it on level 6 of the Dungeon)
  7967 | D:7      | You fall through a shaft for 3 floors!
  7967 | D:10     | Entered Level 10 of the Dungeon
  7973 | D:10     | Reached skill level 7 in Spellcasting
  7973 | D:10     | Reached XP level 9. HP: 57/57 MP: 11/19
  8329 | D:10     | Noticed a troll
  8343 | D:10     | Slain by a troll

Skill      XL: |  1  2  3  4  5  6  7  8 |
---------------+-------------------------+-----
Spellcasting   | 3 4 5 7 |  7.6
Conjurations   | 4 5 |  5.3
Evocations     | 1 4 6 |  6.2
Dodging        | |  1.5
Stealth        | |  1.5

Action                   |  1- 3 |  4- 6 |  7- 9 || total
-------------------------+-------+-------+-------++-------
Melee: Dagger            |    22 |     7 |       ||    29
       Hand axe          |       |    42 |    75 ||   117
       Flail             |       |       |     1 ||     1
 Cast: Magic Dart        |    29 |    48 |    52 ||   129
       Searing Ray       |    10 |    23 |    44 ||    77
       Iskenderun's Myst |       |     1 |     3 ||     4
  Use: Scroll            |       |       |     6 ||     6
Armor: Robe              |     4 |    11 |    30 ||    45
Dodge: Dodged            |    21 |    39 |    98 ||   158
